 Dungeon Crawl Stone Soup version 0.28.0-53-g5a82cb258f (webtiles) character file.

Game seed: 3954773482487105653

18 worthlessgem the Caller (level 2, 11/11 HPs)
             Began as a Felid Summoner on Aug 20, 2022.
             Quit the game on level 2 of the Dungeon.
             The game lasted 00:08:22 (392 turns).

worthlessgem the Caller (Felid Summoner)             Turns: 392, Time: 00:08:22

Health: 11/11      AC:  1    Str:  4    XL:     2   Next: 48%
Magic:  6/6        EV: 17    Int: 16    God:
Gold:   0          SH:  0    Dex: 16    Spells: 3/6 levels left
                                        Lives:  0   Deaths: 0

rFire   . . .      SeeInvis +     - Unarmed
rCold   . . .      Faith    .   (shield unavailable)
rNeg    . . .      Spirit   .   (armour unavailable)
rPois   .          Reflect  .   (helmet unavailable)
rElec   .          Harm     .   (cloak unavailable)
rCorr   .          Rampage  .   (gloves unavailable)
Will    .....                   (boots unavailable)
Stlth   ++........              (no amulet)
HPRegen 0.03/turn               (no ring)
MPRegen 0.10/turn               (no ring)

@: quick
A: very small, claws 1, fangs 3, see invisible, speed 1, shaggy fur 1, stealthy
paws, no weapons or thrown items, no armour, multi-lived
a: no special abilities


You were on level 2 of the Dungeon.
You visited 1 branch of the dungeon, and saw 2 of its levels.

You aren't carrying anything.


   Skills:
 - Level 2.6 Dodging
 - Level 2.6 Stealth
 + Level 1.0 Unarmed Combat
 * Level 2.6 Spellcasting
 - Level 4.0 Summonings


You had 3 spell levels left.
You knew the following spells:

 Your Spells              Type           Power      Damage    Failure   Level
a - Summon Small Mammal   Summ           60%        N/A       3%          1
b - Call Imp              Summ           15%        N/A       5%          2

Your spell library contained the following spells:

 Spells                   Type           Power      Damage    Failure   Level
 Call Canine Familiar     Summ           15%        N/A       11%         3
 Summon Guardian Golem    Hex/Summ       8%         N/A       26%         3
 Summon Lightning Spire   Summ/Air       8%         N/A       63%         4
 Summon Forest            Summ/Tloc      4%         N/A       93%         5
 Eringya's Noxious Bog    Tmut/Pois      1%         N/A       100%        6
 Summon Hydra             Summ           7%         N/A       100%        7


Dungeon Overview and Level Annotations

Branches:
Dungeon (1/15)

Altars:


Innate Abilities, Weirdness & Mutations

You have sharp claws.
You have razor-sharp teeth.
You have supernaturally acute eyesight. (SInv)
You cover ground quickly. (Speed+)
You are covered in fur. (AC +1)
Your paws help you pounce on unaware monsters.
You are incapable of wielding weapons or throwing items.
You cannot wear armour.
You gain extra lives every three experience levels.


Message History

You kill the bat!
You swap places.
You swap places.
What are your orders? t - Meow!
Orders for allies: a - Attack new target. r - Retreat! s - Stop attacking. g - Guard the area. f - Follow me.
Anything else - Cancel.
Guard this area!
Casting: Summon Small Mammal (safe; 3% risk of failure)
Confirm with . or Enter, or press ? or * to list all spells.
The goblin closely misses your quokka.
Your quokka bites the goblin.
The goblin dies!
You swap places.
There is a stone staircase leading down here.
You see here a +0 dagger of draining.
You swap places.
There is a stone staircase leading down here.
You see here a bat corpse.
Your rat disappears in a puff of smoke!
HP restored.
You see here a bat corpse.
There is a stone staircase leading down here.
You see here a +0 dagger of draining.
A hobgoblin comes into view.
Found a dark potion.
The hobgoblin shouts!
You scratch the hobgoblin.
The hobgoblin is heavily wounded.
The hobgoblin closely misses you.
A rat comes into view.
You scratch the hobgoblin.
You bite the hobgoblin, but do no damage.
The hobgoblin is almost dead.
The hobgoblin misses you.
You scratch the hobgoblin.
You kill the hobgoblin!
Your Unarmed Combat skill increases to level 1!
Are you sure you want to abandon this character and quit the game? (Confirm with "yes".)

...## #...#.# ....#
#.###.# ....##
#.###.# #.r..#
#.†...# .....#
##...>#
.....###########.##.#
##..............>...#
##...#####.#####)####
....## #.# #@# ...##
#.#####.# ####
#.......# # #.#.....#
#.#.###.# #.#.# #.#
#.....#.###.#
#.###.#.#.#.#
#.###.#.#.#.#


There were no monsters in sight!

Vanquished Creatures
  4 bats
  A hobgoblin (D:2)
  A frilled lizard (D:1)
  A rat (D:1)
7 creatures vanquished.

Vanquished Creatures (collateral kills)
  2 ball pythons (D:1)
  2 endoplasms (D:1)
  A goblin (D:2)
  A hobgoblin (D:2)
  2 kobolds (D:1)
8 creatures vanquished.

Grand Total: 15 creatures vanquished

Notes
Turn   | Place    | Note
-------+----------+-------------------------------------------
     0 | D:1      | worthlessgem the Felid Summoner began the quest for the
                  | Orb.
     0 | D:1      | Reached XP level 1. HP: 7/7 MP: 4/4
   102 | D:1      | Reached XP level 2. HP: 8/11 MP: 3/6
   105 | D:1      | Learned a level 2 spell: Call Imp
   191 | D:1      | You fall into a shaft and drop 1 floor!
   382 | D:2      | Reached skill level 1 in Unarmed Combat
   392 | D:2      | Quit the game

Illustrated notes

Levels and vault maps discovered:
D:1:      dpeg_arrival_ratfight, layout_rooms, hangedman_decor_slide_cut,
          st_stairs_6, hangedman_decor_riveting
D:2:      layout_basic, hangedman_decor_growths

Skill      XL: |  1  2 |
---------------+-------+-----
Unarmed Combat | 1 |  1.0
Dodging        | |  2.6
Stealth        | |  2.6
Spellcasting   | |  2.6
Summonings     | |  4.0

Action                   || total
-------------------------++-------
Melee: Unarmed           ||    17
       Bite              ||     1
 Cast: Summon Small Mamm ||     8
 Stab: Sleeping          ||     2
Armor: Skin              ||     1
Dodge: Dodged            ||    16
